TOP OF THE 1ST |
Kansas City Royals batting - Pitching for Cleveland Guardians : RHP Bruce Poff
|
Pitching: RHP Bruce Poff
|
|
Batting: RHB Matt Belgard
|
0-0: Ball 1-0: Fly out, F8 (Flyball, 8LD, EV 103.1 MPH)
|
Batting: RHB Imbart Faber
|
0-0: Ball 1-0: Ball 2-0: Called Strike 2-1: Foul Ball, location: 2F 2-2: Ball 3-2: Strikes out looking
|
Batting: RHB Mike Jaquez
|
0-0: Ground out 5-3 (Groundball, 56S, EV 93.1 MPH)
|
Top of the 1st over - 0 runs, 0 hits, 0 errors, 0 left on base; Kansas City 0 - Cleveland 0 |
BOTTOM OF THE 1ST |
Cleveland Guardians batting - Pitching for Kansas City Royals : RHP Jimmy Silveira IV
|
Pitching: RHP Jimmy Silveira IV
|
|
Batting: LHB Arvin Dungca
|
0-0: Ball 1-0: Ball 2-0: SINGLE (Groundball, 34S, EV 69.4 MPH) (infield hit)
|
Batting: LHB Hector Pedroso
|
0-0: Swinging Strike 0-1: Foul Ball, location: 2F 0-2: Ball 1-2: Ball 2-2: Ball 3-2: Strikes out swinging
|
Batting: LHB Danny Dunham
|
0-0: Ball 1-0: SINGLE (Groundball, 56D, EV 102.5 MPH) Arvin Dungca to second
|
Batting: RHB Jasper Burd
|
0-0: Ball 1-0: Ball Arvin Dungca steals 3rd base 2-0: Swinging Strike 2-1: Foul Ball, location: 2F 2-2: Strikes out swinging
|
Batting: RHB Christian Blue
|
0-0: Swinging Strike 0-1: Ball 1-1: SINGLE (Line Drive, 8RS, EV 109.4 MPH) Arvin Dungca scores Danny Dunham to second
|
Batting: LHB Jack Bell
|
0-0: Foul Ball, location: 2F 0-1: Swinging Strike 0-2: Ball 1-2: Fly out, F8 (Flyball, 78M, EV 88.8 MPH)
|
Bottom of the 1st over - 1 run, 3 hits, 0 errors, 2 left on base; Kansas City 0 - Cleveland 1 |
TOP OF THE 2ND |
Kansas City Royals batting - Pitching for Cleveland Guardians : RHP Bruce Poff
|
Batting: LHB Roman Downey
|
0-0: Ball 1-0: Foul Ball, location: 2F 1-1: Ball 2-1: Ball 3-1: Foul Ball, location: 2F 3-2: Foul Ball, location: 2F 3-2: Foul Ball, location: 2F 3-2: Strikes out looking
|
Batting: LHB Bill Baconneck
|
0-0: Called Strike 0-1: Ball 1-1: Foul Ball, location: 2F 1-2: Foul Ball, location: 2F 1-2: Foul Ball, location: 2F 1-2: Strikes out swinging
|
Batting: LHB Justin Rupert
|
0-0: Ball 1-0: Ball 2-0: Called Strike 2-1: Swinging Strike 2-2: Foul Ball, location: 2F 2-2: Strikes out swinging
|
Top of the 2nd over - 0 runs, 0 hits, 0 errors, 0 left on base; Kansas City 0 - Cleveland 1 |
BOTTOM OF THE 2ND |
Cleveland Guardians batting - Pitching for Kansas City Royals : RHP Jimmy Silveira IV
|
Batting: LHB Jim Keefe
|
0-0: Swinging Strike 0-1: Ball 1-1: Foul Ball, location: 2F 1-2: Ball 2-2: Ball 3-2: Foul Ball, location: 2F 3-2: Base on Balls
|
Batting: RHB Aaron Matthews
|
0-0: SINGLE (Flyball, 89S, EV 101.9 MPH) Jim Keefe to second
|
Batting: RHB Rick O'Reilly
|
0-0: Ball 1-0: Ground out 6-3 (Groundball, 6S, EV 65.0 MPH) Jim Keefe to third Aaron Matthews to second
|
Batting: LHB Arvin Dungca
|
0-0: Swinging Strike 0-1: Ball 1-1: Ball 2-1: Ball 3-1: Swinging Strike 3-2: Base on Balls
|
Batting: LHB Hector Pedroso
|
0-0: Ball 1-0: Ball 2-0: SINGLE (Groundball, 4S, EV 70.0 MPH) (infield hit) Jim Keefe scores Aaron Matthews to third Arvin Dungca to second
|
Batting: LHB Danny Dunham
|
0-0: Ball 1-0: Ball 2-0: Called Strike 2-1: Called Strike 2-2: Foul Ball, location: 2F 2-2: Foul Ball, location: 2F 2-2: Grounds into double play, 2-3 (Groundball, 15S, EV 68.8 MPH)
|
Bottom of the 2nd over - 1 run, 2 hits, 0 errors, 2 left on base; Kansas City 0 - Cleveland 2 |
TOP OF THE 3RD |
Kansas City Royals batting - Pitching for Cleveland Guardians : RHP Bruce Poff
|
Batting: LHB Robby Diaz
|
0-0: Ground out 4-3 (Groundball, 4M, EV 101.2 MPH)
|
Batting: LHB Sam Britt
|
0-0: Called Strike 0-1: Foul Ball, location: 2F 0-2: Fly out, F7 (Flyball, 7, EV 77.5 MPH)
|
Batting: RHB Mikolas Markus
|
0-0: Called Strike 0-1: Ball 1-1: Ground out 5-3 (Groundball, 56S, EV 86.9 MPH)
|
Top of the 3rd over - 0 runs, 0 hits, 0 errors, 0 left on base; Kansas City 0 - Cleveland 2 |
BOTTOM OF THE 3RD |
Cleveland Guardians batting - Pitching for Kansas City Royals : RHP Jimmy Silveira IV
|
Batting: RHB Jasper Burd
|
0-0: Ball 1-0: Ball 2-0: Called Strike 2-1: Ball 3-1: Fly out, F8 (Flyball, 8RXD, EV 103.8 MPH)
|
Batting: RHB Christian Blue
|
0-0: Ball 1-0: Called Strike 1-1: Ball 2-1: Ground out U3 (Groundball, 34S, EV 82.5 MPH)
|
Batting: LHB Jack Bell
|
0-0: Ball 1-0: Swinging Strike 1-1: Foul Ball, location: 2F 1-2: Foul Ball, location: 2F 1-2: Ball 2-2: Strikes out swinging
|
Bottom of the 3rd over - 0 runs, 0 hits, 0 errors, 0 left on base; Kansas City 0 - Cleveland 2 |
TOP OF THE 4TH |
Kansas City Royals batting - Pitching for Cleveland Guardians : RHP Bruce Poff
|
Batting: RHB Matt Belgard
|
0-0: Ball 1-0: Ball 2-0: Ground out 5-3 (Groundball, 56S, EV 74.4 MPH)
|
Batting: RHB Imbart Faber
|
0-0: Ball 1-0: SOLO HOME RUN (Flyball, 9D, EV 99.4 MPH), Distance : 383 ft
|
Batting: RHB Mike Jaquez
|
0-0: Ball 1-0: Foul Ball, location: 2F 1-1: Ball 2-1: Called Strike 2-2: DOUBLE (Line Drive, 78XD, EV 106.2 MPH)
|
Batting: LHB Roman Downey
|
0-0: Ball 1-0: Swinging Strike 1-1: Called Strike 1-2: Strikes out swinging
|
Batting: LHB Bill Baconneck
|
0-0: Ball 1-0: Swinging Strike 1-1: Called Strike 1-2: Strikes out swinging
|
Top of the 4th over - 1 run, 2 hits, 0 errors, 1 left on base; Kansas City 1 - Cleveland 2 |
BOTTOM OF THE 4TH |
Cleveland Guardians batting - Pitching for Kansas City Royals : RHP Jimmy Silveira IV
|
Batting: LHB Jim Keefe
|
0-0: Foul Ball, location: 2F 0-1: Swinging Strike 0-2: Strikes out swinging
|
Batting: RHB Aaron Matthews
|
0-0: Called Strike 0-1: Ball 1-1: Swinging Strike 1-2: Strikes out swinging
|
Batting: RHB Rick O'Reilly
|
0-0: Swinging Strike 0-1: Called Strike 0-2: Hit by Pitch
|
Batting: LHB Arvin Dungca
|
0-0: Foul Ball, location: 2F 0-1: Swinging Strike 0-2: Ball 1-2: Strikes out swinging
|
Bottom of the 4th over - 0 runs, 0 hits, 0 errors, 1 left on base; Kansas City 1 - Cleveland 2 |
TOP OF THE 5TH |
Kansas City Royals batting - Pitching for Cleveland Guardians : RHP Bruce Poff
|
Batting: LHB Justin Rupert
|
0-0: Swinging Strike 0-1: Swinging Strike 0-2: Strikes out swinging
|
Batting: LHB Robby Diaz
|
0-0: Fly out, F6 (Line Drive, 6, EV 65.6 MPH)
|
Batting: LHB Sam Britt
|
0-0: Called Strike 0-1: Ground out 5-3 (Groundball, 5, EV 82.5 MPH)
|
Top of the 5th over - 0 runs, 0 hits, 0 errors, 0 left on base; Kansas City 1 - Cleveland 2 |
BOTTOM OF THE 5TH |
Cleveland Guardians batting - Pitching for Kansas City Royals : RHP Jimmy Silveira IV
|
Batting: LHB Hector Pedroso
|
0-0: Ball 1-0: Foul Ball, location: 2F 1-1: Ball 2-1: Foul Ball, location: 2F 2-2: Ball 3-2: Base on Balls
|
Batting: LHB Danny Dunham
|
0-0: Ball 1-0: Foul Ball, location: 2F 1-1: Ball 2-1: Ball 3-1: Foul Ball, location: 2F 3-2: Strikes out swinging Hector Pedroso steals 2nd, throwing error, E2 Hector Pedroso to third
|
Batting: RHB Jasper Burd
|
0-0: Called Strike 0-1: Swinging Strike 0-2: Ball 1-2: Strikes out swinging, 2-3 out at first.
|
Batting: RHB Christian Blue
|
0-0: Ball 1-0: Ball 2-0: SINGLE (Line Drive, 9S, EV 96.9 MPH) Hector Pedroso scores
|
Batting: LHB Jack Bell
|
0-0: Ball 1-0: Ball 2-0: Ball 3-0: Base on Balls Christian Blue to second
|
Batting: LHB Jim Keefe
|
0-0: Called Strike 0-1: Called Strike 0-2: Ground out U3 (Groundball, 34S, EV 85.6 MPH)
|
Bottom of the 5th over - 1 run, 1 hit, 1 error, 2 left on base; Kansas City 1 - Cleveland 3 |
TOP OF THE 6TH |
Kansas City Royals batting - Pitching for Cleveland Guardians : RHP Bruce Poff
|
Batting: RHB Mikolas Markus
|
0-0: SINGLE (Groundball, 6MD, EV 96.9 MPH)
|
Batting: RHB Matt Belgard
|
0-0: Ball 1-0: Ball 2-0: Called Strike 2-1: Ball 3-1: Base on Balls Mikolas Markus to second
|
Pinch Hitting: LHB Pete Hansel
|
0-0: Ball 1-0: Ball 2-0: SINGLE (Groundball, 5D, EV 94.4 MPH) Mikolas Markus to third Matt Belgard to second
|
Batting: RHB Mike Jaquez
|
0-0: Foul Ball, location: 2F 0-1: Foul Ball, location: 2F 0-2: Strikes out swinging
|
Batting: LHB Roman Downey
|
0-0: Ball 1-0: Ball 2-0: Fly out, F9 (Line Drive, 89M, EV 102.5 MPH) Runner from 3rd tags up, SCORES, throw by RF Matt Belgard to third
|
Batting: LHB Bill Baconneck
|
0-0: Called Strike 0-1: Swinging Strike 0-2: Ball 1-2: Foul Ball, location: 2F 1-2: Foul Ball, location: 2F 1-2: Foul Ball, location: 2F 1-2: Foul Ball, location: 2F 1-2: Ball 2-2: Hit by Pitch Pete Hansel to second
|
Batting: LHB Justin Rupert
|
0-0: Called Strike 0-1: Ball 1-1: Ball 2-1: Ball 3-1: Foul Ball, location: 2F 3-2: Fly out, F8 (Flyball, 8RD, EV 100.6 MPH)
|
Top of the 6th over - 1 run, 2 hits, 0 errors, 3 left on base; Kansas City 2 - Cleveland 3 |
BOTTOM OF THE 6TH |
Cleveland Guardians batting - Pitching for Kansas City Royals : RHP Jimmy Silveira IV
|
Now at SS: Jose Pacheco
|
|
Batting: RHB Aaron Matthews
|
0-0: Swinging Strike 0-1: Ball 1-1: Swinging Strike 1-2: Ball 2-2: Foul Ball, location: 2F 2-2: SINGLE (Groundball, 34D, EV 100.6 MPH)
|
Pitching: LHP Chris Eaker
|
|
Batting: RHB Rick O'Reilly
|
0-0: Called Strike Aaron Matthews is caught stealing 2nd base 2-4 0-1: Called Strike 0-2: Strikes out swinging
|
Batting: LHB Arvin Dungca
|
0-0: Ball 1-0: Swinging Strike 1-1: Hit by Pitch
|
Batting: LHB Hector Pedroso
|
0-0: Ground out 4-3 (Groundball, 4, EV 79.4 MPH)
|
Bottom of the 6th over - 0 runs, 1 hit, 0 errors, 1 left on base; Kansas City 2 - Cleveland 3 |
TOP OF THE 7TH |
Kansas City Royals batting - Pitching for Cleveland Guardians : RHP Bruce Poff
|
Batting: LHB Robby Diaz
|
0-0: Swinging Strike 0-1: Swinging Strike 0-2: Ball 1-2: Ball 2-2: Foul Ball, location: 2F 2-2: Strikes out swinging
|
Batting: LHB Sam Britt
|
0-0: Foul Ball, location: 2F 0-1: Called Strike 0-2: Ball 1-2: Strikes out swinging
|
Pinch Hitting: LHB Manny Estrada
|
0-0: Called Strike 0-1: Ball 1-1: Ball 2-1: Swinging Strike 2-2: Strikes out swinging
|
Top of the 7th over - 0 runs, 0 hits, 0 errors, 0 left on base; Kansas City 2 - Cleveland 3 |
BOTTOM OF THE 7TH |
Cleveland Guardians batting - Pitching for Kansas City Royals : LHP Chris Eaker
|
Now at 3B: Ken Postlethwaite
|
|
Batting: LHB Danny Dunham
|
0-0: Hit by Pitch
|
Batting: RHB Jasper Burd
|
0-0: Ball 1-0: Fly out, F7 (Flyball, 7D, EV 102.5 MPH)
|
Batting: RHB Christian Blue
|
0-0: Called Strike 0-1: Ball 1-1: Grounds into double play, 6-4-3 (Groundball, 6M, EV 95.6 MPH)
|
Bottom of the 7th over - 0 runs, 0 hits, 0 errors, 0 left on base; Kansas City 2 - Cleveland 3 |
TOP OF THE 8TH |
Kansas City Royals batting - Pitching for Cleveland Guardians : RHP Bruce Poff
|
Pitching: RHP Fomio Tashima
|
|
Batting: RHB Matt Belgard
|
0-0: Ball 1-0: Called Strike 1-1: SOLO HOME RUN (Flyball, 89XD, EV 103.1 MPH), Distance : 389 ft
|
Batting: SHB Jose Pacheco
|
0-0: Ball 1-0: Ball 2-0: Foul Ball, location: 2F 2-1: Ball 3-1: Base on Balls
|
Batting: RHB Mike Jaquez
|
0-0: Reached on error, E5 (Groundball, 56, EV 106.9 MPH) Jose Pacheco to second
|
Batting: LHB Roman Downey
|
0-0: Ball 1-0: Called Strike 1-1: Fly out, F9 (Flyball, 89D, EV 98.1 MPH) Runner from 2nd tags up, SAFE at 3rd, no throw by RF
|
Batting: LHB Bill Baconneck
|
0-0: Ball Mike Jaquez steals 2nd base 1-0: Ground out U3 (Groundball, 3L, EV 81.9 MPH)
|
Batting: LHB Justin Rupert
|
0-0: Foul Ball, location: 2F 0-1: Ball 1-1: Swinging Strike 1-2: 3-RUN HOME RUN (Flyball, 89XD, EV 105.0 MPH), Distance : 425 ft
|
Pitching: RHP Dennis Beals
|
|
Batting: LHB Robby Diaz
|
0-0: Called Strike 0-1: Ball 1-1: Ball 2-1: Swinging Strike 2-2: Strikes out swinging
|
Top of the 8th over - 4 runs, 2 hits, 1 error, 0 left on base; Kansas City 6 - Cleveland 3 |
BOTTOM OF THE 8TH |
Cleveland Guardians batting - Pitching for Kansas City Royals : LHP Chris Eaker
|
Pinch Hitting: RHB Nick Ogle
|
0-0: Ball 1-0: Ball 2-0: Ball 3-0: Called Strike 3-1: Fly out, F3 (Popup, 3S, EV 78.1 MPH)
|
Batting: LHB Jim Keefe
|
0-0: Foul Ball, location: 2F 0-1: Ball 1-1: Ball 2-1: Ball 3-1: SINGLE (Groundball, 34D, EV 108.1 MPH)
|
Batting: RHB Aaron Matthews
|
0-0: Called Strike 0-1: Grounds into double play, 6-4-3 (Groundball, 6, EV 100.0 MPH)
|
Bottom of the 8th over - 0 runs, 1 hit, 0 errors, 0 left on base; Kansas City 6 - Cleveland 3 |
TOP OF THE 9TH |
Kansas City Royals batting - Pitching for Cleveland Guardians : RHP Dennis Beals
|
Now in CF: Rick O'Reilly
|
|
Now in RF: Nick Ogle
|
|
Batting: LHB Sam Britt
|
0-0: Ball 1-0: Foul Ball, location: 2F 1-1: Swinging Strike 1-2: Strikes out swinging, 2-3 out at first.
|
Batting: RHB Ken Postlethwaite
|
0-0: Ball 1-0: Foul Ball, location: 2F 1-1: Ball 2-1: Foul Ball, location: 2F 2-2: Strikes out swinging
|
Batting: RHB Matt Belgard
|
0-0: Swinging Strike 0-1: Ball 1-1: Called Strike 1-2: Ball 2-2: Ball 3-2: Foul Ball, location: 2F 3-2: Strikes out swinging
|
Top of the 9th over - 0 runs, 0 hits, 0 errors, 0 left on base; Kansas City 6 - Cleveland 3 |
BOTTOM OF THE 9TH |
Cleveland Guardians batting - Pitching for Kansas City Royals : LHP Chris Eaker
|
Pitching: RHP Asa Hahn
|
|
Batting: RHB Rick O'Reilly
|
0-0: Foul Ball, location: 2F 0-1: Ball 1-1: Foul Ball, location: 2F 1-2: Strikes out swinging
|
Batting: LHB Arvin Dungca
|
0-0: Ball 1-0: Ball 2-0: Called Strike 2-1: Foul Ball, location: 2F 2-2: Foul Ball, location: 2F 2-2: Ball 3-2: Foul Ball, location: 2F 3-2: Foul Ball, location: 2F 3-2: Foul Ball, location: 2F 3-2: Fly out, F5 (Popup, 56, EV 76.9 MPH)
|
Batting: LHB Hector Pedroso
|
0-0: Called Strike 0-1: Foul Ball, location: 2F 0-2: Ball 1-2: Foul Ball, location: 2F 1-2: Ball 2-2: Ball 3-2: Strikes out swinging
|
Bottom of the 9th over - 0 runs, 0 hits, 0 errors, 0 left on base; Kansas City 6 - Cleveland 3 |
|